 Dungeon Crawl Stone Soup version 0.20.1-1-g8b1a95d (webtiles) character file.

2621 Ejeck the Carver (level 9, -4/78 HPs)
             Began as a Minotaur Fighter on Aug 3, 2017.
             Was an Initiate of Okawaru.
             Slain by an unseen horror (7 damage)
             ... on level 7 of the Dungeon.
             The game lasted 00:17:14 (6292 turns).

Ejeck the Carver (Minotaur Fighter)                 Turns: 6292, Time: 00:17:14

Health: -4/78      AC:  8    Str: 21    XL:     9   Next: 34%
Magic:  8/8        EV: 16    Int:  5    God:    Okawaru [......]
Gold:   327        SH: 11    Dex: 13    Spells: 8/8 levels left

rFire    . . .     SeeInvis .   a - +0 long sword
rCold    . . .     Gourm    .   c - +0 shield
rNeg     . . .     Faith    .   b - +0 scale mail
rPois    .         Spirit   .   (helmet restricted)
rElec    .         Reflect  .   (no cloak)
rCorr    .         Harm     .   (no gloves)
MR       .....                  (no boots)
Stlth    ..........             (no amulet)
Regen    0.3/turn               i - +6 ring of evasion
MPRegen  0.2/turn               (no ring)

@: no status effects
A: retaliatory headbutt, horns 2
a: Renounce Religion


You were on level 7 of the Dungeon.
You worshipped Okawaru.
Okawaru was noncommittal.
You were not hungry.

You visited 2 branches of the dungeon, and saw 8 of its levels.

You collected 327 gold pieces.

Inventory:

Hand Weapons
 a - a +0 long sword (weapon)
Armour
 b - a +0 scale mail (worn)
 c - a +0 shield (worn)
Jewellery
 i - a +6 ring of evasion (left hand)
 z - an uncursed amulet of guardian spirit {unknown}
Wands
 B - a wand of paralysis (8/24)
 D - a wand of lightning (11/15)
Scrolls
 d - 2 scrolls of random uselessness {unknown}
 e - 2 scrolls of amnesia {unknown}
 k - a scroll of noise {unknown}
 l - 2 scrolls of immolation {unknown}
 n - 2 scrolls of fog
 o - 5 scrolls of remove curse
 p - 3 scrolls of identify
 q - 3 scrolls of magic mapping {unknown}
 r - 8 scrolls of teleportation {unknown}
 u - a scroll of fear {unknown}
 y - a scroll of enchant armour {unknown}
Potions
 g - 4 potions of heal wounds {unknown}
 h - 2 potions of flight {unknown}
 j - a potion of ambrosia {unknown}
 m - 2 potions of cancellation {unknown}
 s - 4 potions of agility {unknown}
 v - 3 potions of brilliance {unknown}
 x - 7 potions of curing {unknown}
 C - a potion of berserk rage {unknown}
Comestibles
 f - 3 bread rations
 t - a meat ration
 w - 4 fruits
 A - a royal jelly


   Skills:
 + Level 6.4 Fighting
 + Level 9.5 Long Blades
 + Level 7.3 Armour
 + Level 4.2 Dodging
 + Level 1.5 Stealth
 + Level 8.0 Shields


You had 8 spell levels left.
You didn't know any spells.

Dungeon Overview and Level Annotations

Branches:
Dungeon (7/15)             Temple (1/1) D:6

Altars:
Ashenzari
Cheibriados
Dithmenos
Elyvilon
Fedhas
Gozag
Hepliaklqana
Kikubaaqudgha
Nemelex Xobeh
Okawaru
Qazlal
Ru
Sif Muna
Trog
Uskayaw
Vehumet
Yredelemnul
Zin
The Shining One

Shops:
D:5 %   D:6 [


Innate Abilities, Weirdness & Mutations

You reflexively headbutt those who attack you in melee.
You have a pair of horns on your head.


Message History

Something hits you. Something hits you! Something hits you.
Something hits you but does no damage. Something hits you.
You hit something but do no damage.
Something hits you but does no damage. x2
You completely miss something. Something hits you.
* * * LOW HITPOINT WARNING * * *
Unknown command.
You block something's attack. x2
Something hits you!
* * * LOW HITPOINT WARNING * * *
Something hits you.
* * * LOW HITPOINT WARNING * * *
Something barely misses you.
You see here 18 gold pieces.
Something hits you!
* * * LOW HITPOINT WARNING * * *
You miss something. You headbutt something. Something hits you!
You die...

### .#@# #####.#$# #.).#.#.#
#...#.#.# #'###.#.##...
#...#...##...
.######.#.###.##..#######
........#.....##..##....##....
#######.#.#.####.........#....


There were no monsters in sight!

Vanquished Creatures
  A two-headed ogre (D:5)
  Grinder (D:3)
  Sigmund (D:6)
  The ghost of SlightEye the Shield-Bearer, an amateur FoFi (D:3)
  A black bear (D:6)
  3 ogres
  A centaur (D:5)
  A bullfrog (D:6)
  A wyvern skeleton (D:6)
  2 scorpions
  2 howler monkeys
  A bullfrog zombie (D:5)
  A centaur zombie (D:6)
  5 crimson imps
  A jelly (D:5)
  An orc priest (D:7)
  A hound (D:6)
  A centaur skeleton (D:4)
  2 bullfrog skeletons (D:5)
  3 iguanas
  Natasha (thrice) (D:4)
  An orc wizard (D:5)
  A worker ant (D:4)
  A killer bee zombie (D:5)
  7 adders
  A shadow imp (D:5)
  An ooze (D:1)
  2 adder skeletons
  A worm (D:6)
  3 dart slugs
  6 leopard geckos
  10 orcs
  4 bats (D:2)
  2 gnoll zombies (D:4)
  13 hobgoblins
  10 jackals
  3 quokkas
  4 frilled lizards
  3 goblins (D:2)
  2 kobolds (D:2)
  2 quokka skeletons (D:4)
  7 rats
118 creatures vanquished.

Notes
Turn   | Place    | Note
-------+----------+-------------------------------------------
     0 | D:1      | Ejeck the Minotaur Fighter began the quest for the Orb.
     0 | D:1      | Reached XP level 1. HP: 19/19 MP: 0/0
   149 | D:1      | Reached XP level 2. HP: 25/27 MP: 1/1
   781 | D:2      | Reached XP level 3. HP: 33/33 MP: 2/2
  1019 | D:2      | Reached skill level 3 in Long Blades
  1028 | D:2      | Reached XP level 4. HP: 39/41 MP: 3/3
  1458 | D:3      | Noticed SlightEye's ghost (amateur FoFi)
  1464 | D:3      | Found a radiant altar of Vehumet.
  1471 | D:3      | Killed SlightEye's ghost
  1471 | D:3      | Reached skill level 4 in Long Blades
  1471 | D:3      | Reached skill level 1 in Dodging
  1471 | D:3      | Reached skill level 5 in Shields
  1471 | D:3      | Reached XP level 5. HP: 35/47 MP: 4/4
  1776 | D:3      | Noticed Grinder
  1786 | D:3      | Killed Grinder
  1786 | D:3      | Reached skill level 5 in Long Blades
  1786 | D:3      | Reached XP level 6. HP: 39/55 MP: 5/5
  2048 | D:3      | Found a sparkling altar of Nemelex Xobeh.
  2275 | D:4      | Noticed Natasha
  2284 | D:4      | Killed Natasha
  2291 | D:4      | Found an ancient bone altar of Kikubaaqudgha.
  2400 | D:4      | Found a basalt altar of Yredelemnul.
  2601 | D:4      | Noticed Natasha
  2608 | D:4      | Killed Natasha
  2608 | D:4      | Reached XP level 7. HP: 42/60 MP: 6/6
  2710 | D:4      | Noticed Natasha
  2717 | D:4      | Killed Natasha
  2722 | D:4      | Found a hide-covered altar of Uskayaw.
  2744 | D:4      | Reached skill level 5 in Fighting
  2744 | D:4      | Reached skill level 6 in Long Blades
  3047 | D:4      | Found a stormy altar of Qazlal.
  3129 | D:4      | Reached skill level 5 in Armour
  3328 | D:5      | Entered Level 5 of the Dungeon
  3427 | D:5      | Found Wier's Food Boutique.
  3560 | D:5      | Reached skill level 7 in Long Blades
  3681 | D:5      | Reached XP level 8. HP: 69/69 MP: 7/7
  3685 | D:5      | Noticed a two-headed ogre
  3694 | D:5      | Killed a two-headed ogre
  3694 | D:5      | Reached skill level 8 in Long Blades
  3694 | D:5      | Reached skill level 1 in Stealth
  4591 | D:6      | Found a stormy altar of Qazlal.
  4656 | D:6      | Found an opulent altar of Gozag.
  4683 | D:6      | Found Zin's Purification Station.
  4694 | D:6      | Found a glowing silver altar of Zin.
  4746 | D:6      | Reached XP level 9. HP: 73/75 MP: 8/8
  4869 | D:6      | Found Uheps's Armour Boutique.
  5171 | D:6      | Reached skill level 9 in Long Blades
  5174 | D:6      | Noticed Sigmund
  5208 | D:6      | Killed Sigmund
  5376 | D:6      | Found a blossoming altar of Fedhas.
  5409 | D:6      | Found a staircase to the Ecumenical Temple.
  5491 | Temple   | Entered the Ecumenical Temple
  5532 | Temple   | Became a worshipper of Warmaster Okawaru
  6291 | D:7      | HP: 3/78 [something (8)]
  6292 | D:7      | Slain by an unseen horror

Skill      XL: |  1  2  3  4  5  6  7  8  9 |
---------------+----------------------------+-----
Fighting       | 4 5 6 |  6.4
Shields        | 4 5 6 7 8 |  8.0
Armour         | 4 5 7 |  7.3
Long Blades    | 3 4 5 7 8 9 |  9.5
Dodging        | 1 2 3 4 |  4.2
Stealth        | 1 |  1.5

Action                   |  1- 3 |  4- 6 |  7- 9 || total
-------------------------+-------+-------+-------++-------
Melee: Long sword        |    81 |    78 |   175 ||   334
       Headbutt          |    18 |    26 |    53 ||    97
  Use: Potion            |       |     1 |       ||     1
       Scroll            |       |       |     3 ||     3
  Eat: Bread ration      |       |     1 |     3 ||     4
       Chunk             |       |     1 |       ||     1
Armor: Scale mail        |    36 |    29 |    32 ||    97
Dodge: Dodged            |    20 |    18 |    88 ||   126
Block: Shield            |    52 |    43 |    82 ||   177
       Rpst.: Long sword |     7 |     7 |    17 ||    31
